 Dungeon Sprint DCSS version 0.26-a0-1040-gbe3abf3417 (webtiles) character file.

Game seed: 13178328633095463906

24 sahdkjhfkaj the Shield-Bearer (level 5, -22/51 HPs)
             Began as a Deep Dwarf Fighter on Dec 12, 2020.
             Was a Follower of Makhleb.
             Engulfed by a cloud of flame (26 damage)
             ... in the Dungeon (Sprint VI: "Thunderdome").
             The game lasted 00:01:15 (240 turns).

sahdkjhfkaj the Shield-Bearer (Deep Dwarf Fighter)   Turns: 240, Time: 00:01:15

Health: -22/51     AC:  7    Str: 21    XL:     5   Next: 54%
Magic:  4/4        EV: 10    Int:  8    God:    Makhleb [*.....]
Gold:   160        SH: 11    Dex: 12    Spells: 4/4 levels left

rFire    . . .     SeeInvis .   a - +0 broad axe
rCold    . . .     Faith    .   c - +0 kite shield
rNeg     . . .     Spirit   .   b - +0 scale mail
rPois    .         Reflect  .   (no helmet)
rElec    .         Harm     .   (no cloak)
rCorr    .         Rampage  .   (no gloves)
Will     .....     NoTele   +   (no boots)
Stlth    ..........             (no amulet)
HPRegen  0.00/turn              (no ring)
MPRegen  0.09/turn              (no ring)

@: non-regenerating
A: damage resistance, heal wounds, sense surroundings 1, no regeneration
a: Heal Wounds, Renounce Religion


You were in the Dungeon.
You worshipped Makhleb.
Makhleb was aware of your devotion.
You visited 1 branch You collected 280 gold pieces.
You spent 120 gold pieces at shops.

Inventory:

Hand Weapons
 a - a +0 broad axe (weapon)
Armour
 b - a +0 scale mail (worn)
 c - a +0 kite shield (worn)
Wands
 k - a wand of acid (5)
 l - a wand of iceblast (5)
Scrolls
 j - 4 scrolls of blinking
 m - 3 scrolls of fog
Potions
 d - a potion of might
 f - 4 potions of heal wounds
 g - 4 potions of haste
 h - 2 potions of magic
 i - a potion of berserk rage
 n - 2 potions of resistance


   Skills:
 + Level 4.8 Fighting
 * Level 7.0 Axes
 + Level 5.9 Armour
 + Level 4.4 Dodging
 * Level 7.4 Shields


You had 4 spell levels left.
You didn't know any spells.
Your spell library was empty.

Dungeon Overview and Level Annotations

Branches:
Dungeon (1/1)

Altars:
Cheibriados
Dithmenos
Fedhas
Gozag
Kikubaaqudgha
Makhleb
Okawaru
Qazlal
Ru
Sif Muna
Trog
Uskayaw
Vehumet
Wu Jian
Xom
Yredelemnul
Zin
The Shining One
Beogh
Jiyva
Lugonu

Shops:
D *[??*?*:[((!!!!


Innate Abilities, Weirdness & Mutations

You are resistant to damage.
You can heal yourself by infusing magical energy.
You passively map a small area around you.
You do not regenerate.


Message History

There is an iron altar of Okawaru here.
You now have 160 gold pieces (gained 60).
Get ready!
ROUND 3!
FIGHT!
There is a staircase leading out of the dungeon here.
There is an entrance to Zyxohed's Magic Scroll Shop here.
You can access your shopping list by pressing '$'.
You start waiting.
A kamikaze kobold comes into view.
Unknown command.
You slash the kamikaze kobold! Makhleb accepts your kill.
You feel better.
The kamikaze kobold explodes!
The fiery explosion engulfs you!!!
Ouch! That really hurt!
* * * LOW HITPOINT WARNING * * *
You are engulfed in blazing flames.
Ouch! That really hurt!
You die...

##⌠⌠⌠## #.....# ##.....##
##∩.....∩## #∩.......∩#
#_......[_# #_......._#
#_......._# ###@........###
#§§§.........⌠#
######§8.........8.######
##.___......###......___∩#
###∩........8.# #.8........∩
##.............###...........
#⌠..........###...###........
#⌠†.........# #.<.# #........
#⌠..........###...###........


There were no monsters in sight!

Vanquished Creatures
  Sigmund (D)
  Terence (D)
  A worker ant (D)
  A dart slug (D)
  A bat (D)
  A giant cockroach (D)
  A kobold (D)
7 creatures vanquished.

Notes
Turn   | Place    | Note
-------+----------+-------------------------------------------
     0 | D        | sahdkjhfkaj the Deep Dwarf Fighter began the quest for the
                  | Orb.
     0 | D        | Reached XP level 1. HP: 20/20 MP: 1/1
     1 | D        | Found an iron altar of Okawaru.
     2 | D        | Found a viscous altar of Jiyva.
     3 | D        | Found a glowing silver altar of Zin.
     3 | D        | Found an opulent altar of Gozag.
     4 | D        | Found a sacrificial altar of Ru.
     4 | D        | Found a glowing golden altar of the Shining One.
     4 | D        | Found Okoiliyt's Weapon Rack.
     4 | D        | Found Ymawim's Premium Goods.
     5 | D        | Found Peolitz's Basic Armour.
     5 | D        | Found Hezagh's Miscellaneous Merchandise.
     5 | D        | Round 1.
    34 | D        | Found a roughly hewn altar of Beogh.
    34 | D        | Found Toffagir's Do-It-Yourself Clinic.
    35 | D        | Found Jeetost's Bottled Wisdom.
    35 | D        | Found Fotedos's Distillery.
    36 | D        | Found a shadowy altar of Dithmenos.
    36 | D        | Found a stormy altar of Qazlal.
    36 | D        | Found a bloodstained altar of Trog.
    36 | D        | Found Noapnyx's Distillery.
    40 | D        | Found a basalt altar of Yredelemnul.
    41 | D        | Found a shimmering blue altar of Sif Muna.
    42 | D        | Found a burning altar of Makhleb.
    43 | D        | Found Oweohioj's Staff Store.
    44 | D        | Found a radiant altar of Vehumet.
    44 | D        | Found a corrupted altar of Lugonu.
    44 | D        | Found a shimmering altar of Xom.
    44 | D        | Found Zyxohed's Magic Scroll Shop.
    45 | D        | Found Uveob's Must-Have Magic.
    45 | D        | Found Itaeg's Magic Scroll Shop.
    46 | D        | Noticed Terence
    48 | D        | Found an ancient bone altar of Kikubaaqudgha.
    54 | D        | Became a worshipper of Makhleb the Destroyer
    69 | D        | Killed Terence
    70 | D        | Reached XP level 2. HP: 19/28 MP: 2/2
    70 | D        | Reached XP level 3. HP: 23/34 MP: 3/3
    75 | D        | Found an ornate altar of the Wu Jian Council.
    76 | D        | Found a snail-covered altar of Cheibriados.
    78 | D        | Found Fariu's Jewellery.
    78 | D        | Found Ykkurr's Advanced Armour.
    78 | D        | Found a hide-covered altar of Uskayaw.
    78 | D        | Found a blossoming altar of Fedhas.
    78 | D        | Found Ydwid's Identification Station.
    87 | D        | Noticed Sigmund
   108 | D        | Killed Sigmund
   108 | D        | Reached * piety under Makhleb
   109 | D        | Reached skill level 5 in Armour
   109 | D        | Reached XP level 4. HP: 15/45 MP: 4/4
   109 | D        | Reached XP level 5. HP: 17/51 MP: 5/5
   111 | D        | Arena points: 12 (+12) [x2]
   150 | D        | Round 2.
   191 | D        | Noticed a soldier ant
   198 | D        | Arena points: 24 (+12) [x3]
   203 | D        | Bought a +0 broad axe for 120 gold pieces
   214 | D        | Round 3.
   240 | D        | Engulfed by a cloud of flame

Illustrated notes

Levels and vault maps discovered:
D:        arena_sprint

Skill      XL: |  1  2  3  4  5 |
---------------+----------------+-----
Fighting       | 3 4 |  4.8
Axes           | 4 6 7 |  7.0
Armour         | 4 5 |  5.9
Dodging        | 2 4 |  4.4
Shields        | 4 7 |  7.4

Action                   |  1- 3 |  4- 6 || total
-------------------------+-------+-------++-------
Melee: War axe           |    31 |    21 ||    52
       Broad axe         |       |     1 ||     1
 Abil: Heal Wounds       |       |     2 ||     2
  Use: Potion            |     1 |       ||     1
Armor: Scale mail        |     6 |     2 ||     8
Dodge: Dodged            |     5 |     8 ||    13
Block: Kite shield       |    19 |     8 ||    27

Table legend: (Time is in decaauts)
 A = Elapsed time spent in this place.
 B = Non-inter-level travel time spent in this place.
 C = Inter-level travel time spent in this place.
 D = Time resting spent in this place.
 E = Time spent auto-exploring this place.
 F = Levels seen in this place.
 G = Mean time per level.
                   A        B        C        D        E       F      G
               +--------+--------+--------+--------+--------+-----+--------+
         Total |    257 |    257 |      0 |     22 |     56 |   1 |  257.0 |
       Dungeon |    257 |    257 |      0 |     22 |     56 |   1 |  257.0 |
               +--------+--------+--------+--------+--------+-----+--------+

Top non-repeatable levels by time:
       D: 257 daAuts
